 Dungeon Crawl Stone Soup version 0.31.0-12-g77e489cdc1 (webtiles) character file.

Game seed: 17384281240510982270

11444 HonestlyKidding the Grappler (level 11, -2/109 HPs)
             Began as a Troll Fighter on Feb 13, 2024.
             Was a Priest of Wu Jian.
             Slain by a 14-headed hydra (12 damage)
             ... on level 2 of the Lair of Beasts on Feb 14, 2024.
             The game lasted 00:40:21 (8930 turns).

HonestlyKidding the Grappler (Troll Fighter)        Turns: 8930, Time: 00:40:22

Health: -2/109     AC: 11    Str: 35    XL:     11   Next: 49%
Magic:  10/10      EV: 10    Int:  4    God:    Wu Jian [***...]
Gold:   651        SH: 11    Dex: 13    Spells: 5/10 levels left

rFire   + +          .
                       - Unarmed
rCold   x . .        b - +1 kite shield
rNeg    . . .        z - +0 fire dragon scales
rPois   .            (helmet restricted)
rElec   .            g - +0 cloak
rCorr   .            (gloves unavailable)
SInv    .            (boots unavailable)
Will    ++...        a - amulet of the acrobat Stlth
                     r - ring "Soruech" {*Slow Will++ Str+3 Slay+4}
HPRegen 1.18/turn    u - +6 ring of strength
MPRegen 0.12/turn

%: slow self (1%), acrobat
@: exhausted, invisible
A: large, unfitting armour, claws 3, regeneration 1, shaggy fur 1, tough skin 1
a: Renounce Religion, Wall Jump, Serpent's Lash


You were on level 2 of the Lair of Beasts.
You worshipped Wu Jian.
Wu Jian was most pleased with you.
You visited 2 branches of the dungeon, and saw 13 of its levels.
You also visited: Sewer.

You collected 651 gold pieces.

Inventory:

Armour
 b - a +1 kite shield (worn)
 g - a +0 cloak (worn)
 x - +0 steam dragon scales
 z - +0 fire dragon scales (worn)
Jewellery
 a - an amulet of the acrobat (around neck)
 r - the ring "Soruech" (left claw) {*Slow Will++ Str+3 Slay+4}
   (You found it on level 3 of the Dungeon)

   [ring of slaying]

   Str+3:     It affects your strength (+3).
   Slay+4:    It affects your accuracy & damage with ranged weapons and melee
   (+4).
   Will++:    It greatly increases your willpower.
   *Slow:     It may slow you when you take damage.
 u - a +6 ring of strength (right claw)
Wands
 d - a wand of paralysis (14)
 n - a wand of acid (7)
 t - a wand of iceblast (4)
 w - a wand of flame (39)
 y - a wand of mindburst (9)
Scrolls
 j - 2 scrolls of teleportation
 v - 2 scrolls of identify
 A - a scroll of acquirement {unknown}
 B - a scroll of revelation {unknown}
Potions
 c - 3 potions of might
 e - 2 potions of enlightenment
 f - 4 potions of heal wounds
 h - 4 potions of attraction
 i - a potion of magic
 k - 2 potions of cancellation
 l - 2 potions of invisibility
 o - 3 potions of ambrosia
 p - 3 potions of lignification
 q - 3 potions of haste
 s - 4 potions of curing
Miscellaneous
 m - a phantom mirror


   Skills:
 + Level 7.4 Fighting
 + Level 7.4 Dodging
 + Level 8.1 Shields
 * Level 11.8 Unarmed Combat


You had 5 spell levels left.
You knew the following spells:

 Your Spells              Type           Power      Damage    Failure   Level
a - Apportation           Tloc           0%         N/A       90%         1
b - Vhi's Electric Charg  Tloc/Air       0%         N/A       100%        4

Your spell library contained the following spells:

 Spells                   Type           Power      Damage    Failure   Level
 Freeze                   Ice            0%         1d3       90%         1
 Necrotise                Necr           0%         1d4       90%         1
 Sting                    Conj/Alch      0%         1d3       90%         1
 Summon Small Mammal      Summ           0%         N/A       90%         1
 Cigotuvi's Dreadful Rot  Necr/Alch/Air  0%         N/A       97%         2
 Ensorcelled Hibernation  Hex/Ice        0%         N/A       97%         2
 Mercury Vapours          Alch/Air       0%         N/A       97%         2
 Dazzling Flash           Conj/Hex       0%         N/A       99%         3
 Frozen Ramparts          Ice            0%         1d1       99%         3
 Fugue of the Fallen      Necr           0%         N/A       99%         3
 Hailstorm                Conj/Ice       0%         3d5       99%         3
 Mephitic Cloud           Conj/Alch/Air  0%         N/A       99%         3
 Passwall                 Erth           0%         N/A       99%         3
 Swiftness                Air            0%         N/A       99%         3
 Anguish                  Hex/Necr       0%         N/A       100%        4
 Brom's Barrelling Bould  Conj/Erth      0%         2d3       100%        4
 Ignite Poison            Fire/Alch      0%         N/A       100%        4
 Sticky Flame             Fire/Alch      0%         2d4       100%        4
 Arcjolt                  Conj/Air       0%         1d10      100%        5
 Curse of Agony           Necr           0%         N/A       100%        5
 Fireball                 Conj/Fire      0%         3d3       100%        5
 Freezing Cloud           Conj/Ice/Air   0%         6-21      100%        5
 Iskenderun's Battlesphe  Conj           0%         2d6       100%        5
 Silence                  Hex/Air        0%         N/A       100%        5
 Conjure Ball Lightning   Conj/Air       0%         3x3d6     100%        6
 Plasma Beam              Fire/Air       0%         2x1d10    100%        6
 Orb of Destruction       Conj           0%         9d5       100%        7
 Ignition                 Fire           0%         3d3       100%        8


Dungeon Overview and Level Annotations

Branches:
Dungeon (11/15)            Temple (0/1) D:7            Lair (2/5) D:8
    Orc (0/2) D:9           Sewer (visited)
  Swamp: Lair:2-3    Shoals: Lair:2-3     Snake: Lair:2-3    Spider: Lair:2-3

Altars:
Elyvilon
Gozag
Kikubaaqudgha
Nemelex Xobeh
Qazlal
Trog
Wu Jian
Xom

Shops:
D:6 =   D:9 (

Annotations:
Lair:1 2 transporters, UttericTaro's ghost, journeyman MiFi


Innate Abilities, Weirdness & Mutations

You are too large for most types of armour.
You have claws for hands.
Your natural rate of healing is unusually fast.
You are covered in fur. (AC +1)
You have tough skin. (AC +1)


Message History

The nine-headed hydra grows two more!
You claw the 11-headed hydra!
The 11-headed hydra is lightly wounded.
Your supernatural speed expires.
Aiming: Wall Jump
Press: ? - help, Dir - move target You repeatedly attack the 11-headed hydra from above.
You rip one of the 11-headed hydra's heads off!
The ten-headed hydra grows two more!
You mangle the 12-headed hydra!!
The 12-headed hydra is heavily wounded.
You rip one of the 12-headed hydra's heads off!
The 11-headed hydra grows two more!
You claw the 13-headed hydra!
The 13-headed hydra is heavily wounded.
You claw one of the 13-headed hydra's heads off!
The 12-headed hydra grows two more!
You claw the 14-headed hydra!
The 14-headed hydra is heavily wounded.
A bullfrog comes into view.
The 14-headed hydra barely misses you. The 14-headed hydra bites you!
You block the 14-headed hydra's attack. The 14-headed hydra barely misses you.
You block the 14-headed hydra's attack. x2; The 14-headed hydra bites you.
The 14-headed hydra misses you. The 14-headed hydra barely misses you.
The 14-headed hydra bites you! x2
The 14-headed hydra bites you but does no damage. x2
The 14-headed hydra bites you. The 14-headed hydra barely misses you.
The 14-headed hydra bites you! The 14-headed hydra misses you.
The 14-headed hydra closely misses you. The 14-headed hydra bites you.
The 14-headed hydra closely misses you. The 14-headed hydra bites you!
The 14-headed hydra bites you but does no damage.
The 14-headed hydra bites you. x6
* * * LOW HITPOINT WARNING * * *
Okay, then.
You fade into invisibility!
The 14-headed hydra barely misses you. x2
You block the 14-headed hydra's attack. The 14-headed hydra bites you.
* * * LOW HITPOINT WARNING * * *
You block the 14-headed hydra's attack. The 14-headed hydra bites you!
* * * LOW HITPOINT WARNING * * *
You block the 14-headed hydra's attack. The 14-headed hydra bites you.
* * * LOW HITPOINT WARNING * * *
The 14-headed hydra bites you!
You die...

##.....##
...#.#.## .......
. ....# #. #.S##
#..###F?.#
#...°.°○#######
.....#°°D........
.........@.#..#P.
# #...#.#### ##
#..#### #... ....
.#P.


You could see a 14-headed hydra (unable to see you), a black mamba (unable to
see you) and a bullfrog (unable to see you).

Vanquished Creatures
  2 two-headed ogres
  2 tengu warriors (D:10)
  Pikel (D:3)
  4 blink frogs (Lair:1)
  Prince Ribbit (D:8)
  A vampire (D:10)
  5 yaks (Lair:1)
  4 wyverns
  A warg (D:9)
  5 vampire mosquitoes
  2 basilisks (Lair:1)
  4 steam dragons
  Edmund (D:5)
  An acid dragon (D:10)
  4 water moccasins
  An ice beast (D:5)
  2 orc warriors
  A black bear (D:7)
  5 centaurs
  3 ogres
  A wolf (D:9)
  4 kobold brigands
  5 bullfrogs
  3 scorpions
  18 wights
  6 killer bees (D:9)
  5 howler monkeys
  2 electric eels (Lair:1)
  3 hounds
  3 crimson imps (D:9)
  3 jellies
  2 bombardier beetles
  A sleepcap (D:7)
  Jessica (D:2)
  2 iguanas
  Ijyb (D:5)
  4 orc wizards
  Robin (D:5)
  4 gnolls (D:6)
  5 adders
  5 river rats
  A shadow imp (D:6)
  5 white imps
  2 dart slugs
  3 ribbon worms
  16 orcs
  A ball python (D:1)
  5 bats
  7 endoplasms
  2 giant cockroaches
  7 goblins
  9 hobgoblins
  6 jackals
  A quokka (D:3)
  A frilled lizard (D:1)
  20 kobolds
  8 rats
223 creatures vanquished.

Vanquished Creatures (others)
  A human (D:9)
  An orc wizard (D:8)
2 creatures vanquished.

Grand Total: 225 creatures vanquished

Notes
Turn   | Place    | Note
-------+----------+-------------------------------------------
     0 | D:1      | HonestlyKidding the Troll Fighter began the quest for the
                  | Orb.
     0 | D:1      | Reached XP level 1. HP: 22/22 MP: 0/0
   252 | D:1      | Reached XP level 2. HP: 28/29 MP: 1/1
   542 | D:2      | Noticed Jessica
   563 | D:2      | Killed Jessica
   564 | D:2      | Reached XP level 3. HP: 27/36 MP: 2/2
   799 | D:2      | Reached skill level 3 in Unarmed Combat
  1280 | D:3      | Identified the ring "Soruech" {*Slow Will++ Str+3 Slay+4}
  1418 | D:3      | Reached XP level 4. HP: 44/44 MP: 3/3
  1805 | D:4      | Noticed Pikel
  1805 | D:4      | Noticed a lemure
  1840 | D:4      | Noticed a lemure
  1850 | D:3      | Killed Pikel
  1851 | D:3      | Reached skill level 5 in Unarmed Combat
  1851 | D:3      | Reached XP level 5. HP: 51/54 MP: 4/4
  1851 | D:3      | Reached XP level 6. HP: 58/62 MP: 5/5
  1851 | D:3      | Reached XP level 7. HP: 64/68 MP: 6/6
  2073 | D:4      | Found an ornate altar of the Wu Jian Council.
  2079 | D:4      | Became a worshipper of the Wu Jian Council
  2507 | D:5      | Entered Level 5 of the Dungeon
  2626 | D:5      | Reached skill level 6 in Unarmed Combat
  2626 | D:5      | Reached XP level 8. HP: 72/78 MP: 7/7
  2634 | D:5      | Noticed Robin
  2635 | D:5      | Noticed Ijyb
  2651 | D:5      | Killed Robin
  2667 | D:5      | Killed Ijyb
  2799 | D:5      | Noticed Edmund
  2808 | D:5      | Killed Edmund
  3132 | D:5      | Reached skill level 5 in Shields
  3204 | D:6      | Reached * piety under Wu Jian
  3224 | D:6      | Found Vih Noweocu's Jewellery Shoppe.
  3276 | D:6      | Reached skill level 7 in Unarmed Combat
  3332 | D:6      | Found a glowing drain.
  3340 | Sewer    | Entered a sewer
  3413 | Sewer    | Reached ** piety under Wu Jian
  3430 | Sewer    | Found a white marble altar of Elyvilon.
  3608 | D:6      | Learned a level 1 spell: Apportation
  3613 | D:6      | Learned a level 4 spell: Vhi's Electric Charge
  3710 | D:6      | Found a shimmering altar of Xom.
  3784 | D:6      | Reached skill level 5 in Fighting
  3803 | D:6      | Reached skill level 5 in Dodging
  3803 | D:6      | Reached XP level 9. HP: 83/88 MP: 8/8
  4392 | D:7      | Reached skill level 8 in Unarmed Combat
  4601 | D:7      | Found a staircase to the Ecumenical Temple.
  4672 | D:7      | Found a sparkling altar of Nemelex Xobeh.
  5455 | D:8      | Reached skill level 9 in Unarmed Combat
  5560 | D:8      | Found a bloodstained altar of Trog.
  5630 | D:8      | Found a staircase to the Lair.
  5751 | D:8      | Found a stormy altar of Qazlal.
  5754 | D:8      | Reached *** piety under Wu Jian
  5789 | D:8      | Noticed Prince Ribbit
  5795 | D:8      | Killed Prince Ribbit
  5796 | D:8      | Reached XP level 10. HP: 97/98 MP: 9/9
  6214 | D:9      | Found a staircase to the Orcish Mines.
  6214 | D:9      | Found Vuss's Weapon Emporium.
  6261 | D:9      | Noticed a two-headed ogre
  6272 | D:9      | Killed a two-headed ogre
  6272 | D:9      | Reached skill level 10 in Unarmed Combat
  6479 | D:9      | Found an ancient bone altar of Kikubaaqudgha.
  7237 | D:9      | Found an opulent altar of Gozag.
  7379 | D:10     | Entered Level 10 of the Dungeon
  7402 | D:10     | Found a white marble altar of Elyvilon.
  7849 | D:10     | Noticed a two-headed ogre
  7852 | D:10     | Killed a two-headed ogre
  7852 | D:10     | Reached skill level 11 in Unarmed Combat
  7852 | D:10     | Reached XP level 11. HP: 107/107 MP: 10/10
  7903 | D:10     | Noticed a tengu warrior
  7903 | D:10     | Noticed a tengu warrior
  7921 | D:10     | Killed a tengu warrior
  7925 | D:10     | Killed a tengu warrior
  8218 | D:11     | Noticed a boulder beetle
  8218 | D:11     | Noticed a two-headed ogre
  8279 | Lair:1   | Entered Level 1 of the Lair of Beasts
  8518 | Lair:1   | Noticed a spriggan rider
  8519 | Lair:1   | Noticed UttericTaro's ghost (journeyman MiFi)
  8522 | Lair:1   | Found a bloodstained altar of Trog.
  8522 | Lair:1   | Noticed a spriggan rider
  8531 | Lair:1   | Found a transporter.
  8547 | Lair:1   | Found a transporter.
  8726 | Lair:1   | Reached **** piety under Wu Jian
  8928 | Lair:2   | Noticed an eight-headed hydra
  8930 | Lair:2   | Slain by a 14-headed hydra

Illustrated notes

Levels and vault maps discovered:
D:1:      doesnt_arrival_eight_statues, layout_loops_ring, hex_medium
D:2:      layout_rooms, minmay_tripent, uniq_jessica
D:3:      layout_loops_cross
D:4:      layout_basic, nzn_wu_jian_council_hall, uniq_pikel
D:5:      layout_loops_cross, nicolae_goblin_pals, uniq_edmund
D:6:      layout_basic, mainiacjoe_overflow_tiny_flanked,
          lightli_sewer_entry_pipes, minmay_shop_enchanted_jewellery,
          minmay_checkerbox
D:7:      layout_gridville, mainiacjoe_overflow_alcove_2, temple_fountains,
          centaur_isle
D:8:      layout_basic, nicolae_qazlal_scattered_showers, amcnicky_altar_gilded,
          lair_entry_dummy, uniq_prince_ribbit1
D:9:      layout_layer_cave, nicolae_gozag_cash_rules_everything_around_me,
          tgw_kikubaaqudgha, minmay_orc_entry_guard_dogs, serial_shops,
          nicolae_shop_bloodbath_and_beyond, minmay_fire_ice_demons
D:10:     layout_basic, lemuel_round_altar
D:11:     layout_basic
Lair:1:   layout_hall_layers, gammafunk_ghost_wrathful_warriors,
          serial_bayou_shore_a
Lair:2:   layout_loops_ring, elwin_shoals_entry_stream,
          minmay_snake_entry_six_corridors, grunt_forest_small_clearing_treed

Skill      XL: |  1  2  3  4  5  6  7  8  9 10 11 |
---------------+----------------------------------+-----
Shields        | 3 4 5 6 7 8 |  8.1
Unarmed Combat | 3 5 6 7 9 11 | 11.8
Fighting       | 3 4 5 6 7 |  7.4
Dodging        | 3 4 5 6 7 |  7.4

Action                     |  1- 3 |  4- 6 |  7- 9 | 10-12 || total
---------------------------+-------+-------+-------+-------++-------
  Melee: Unarmed           |    75 |    16 |   253 |   212 ||   556
 Invoke: Serpent's Lash    |       |       |       |     6 ||     6
Ability: Lunge             |       |       |    47 |    30 ||    77
         Whirlwind         |       |       |     2 |    29 ||    31
         Wall Jump         |       |       |       |     6 ||     6
    Use: Scroll            |     6 |       |    14 |       ||    20
         Potion            |       |       |       |     2 ||     2
   Stab: Sleeping          |     2 |       |     1 |       ||     3
 Armour: Robe              |    34 |     2 |    76 |       ||   112
         Steam dragon scal |       |       |    14 |    75 ||    89
         Fire dragon scale |       |       |       |    26 ||    26
  Dodge: Dodged            |    18 |     6 |    62 |    73 ||   159
  Block: Kite shield       |    21 |     5 |    87 |    97 ||   210
